[Event "*** SCC Grand Prix: Titled Tuesday Blitz"]
[Site "Chess.com"]
[Date "2020.08.25"]
[Round "7"]
[White "MashaFromRussia"]
[Black "poppy73"]
[Result "0-1"]
[WhiteElo "2387"]
[BlackElo "2262"]
[TimeControl "180+1"]
[EndTime "11:20:36 PDT"]
[Termination "poppy73 won by resignation"]

1. d4 Nf6 2. c4 g6 3. Nf3 Bg7 4. g3 d6 5. Bg2 O-O 6. O-O Nc6 7. Nc3 Bg4 8. h3 Bxf3 9. Bxf3 Nd7 10. e3 e5 11. d5 Ne7 12. e4 f5 13. Bg5 h6 14.
Bxe7 Qxe7 15. b4 f4 16. Kg2 Nf6 17. Qe2 Nh7 18. h4 h5 19. Rfc1 Bh6 20. Rc2 Nf6 21. c5 a6 22. cxd6 cxd6 23. Na4 Rac8 24. Rac1 Rxc2 25.
Rxc2 g5 26. Bxh5 gxh4 27. Nb6 hxg3 28. fxg3 Qg7 29. Rc3 Qg5 30. Bf3 Qxg3+ 31. Kf1 Ng4 32. Qg2 Ne3+ 33. Rxe3 Qxg2+ 34. Kxg2 fxe3 35. Nc4 Rc8 36. Nxd6 Rc2+ 37. Kg3 e2 38. Bxe2 Rxe2 39. Nf5 Bg7 40. d6 Bf6 41. Kf3 Rxa2 42. Ke3 Rb2 43. Kd3 Rxb4 44. d7 Rd4+ 45. Nxd4 exd4 46. e5 Bd8 47. Kxd4 Kf7 48. Kd5 Ke7 49. e6 b5 50.
Kc6 Kxe6 51. Kb7 Kxd7 52. Kxa6 b4 0-1

[Event "*** SCC Grand Prix: Titled Tuesday Blitz"]
[Site "Chess.com"]
[Date "2020.08.25"]
[Round "7"]
[White "mr65"]
[Black "TokChess"]
[Result "0-1"]
[WhiteElo "2174"]
[BlackElo "2420"]
[TimeControl "180+1"]
[EndTime "11:20:37 PDT"]
[Termination "TokChess won on time"]

1. e4 d6 2. Nc3 Nf6 3. Nf3 e5 4. d4 Nbd7 5. dxe5 dxe5 6. Bc4 Be7 7. h3 O-O 8. O-O c6 9. Bg5 b5 10. Bb3 Qc7 11. a3 Nc5 12. Ba2 a5 13. Bxf6 Bxf6 14. Qe2 Ba6 15. b4 Nd7 16. Rad1 Rfd8 17. Bb3 axb4 18. axb4 Nb6 19. g3 Rxd1 20. Rxd1 Rd8 21. Rxd8+ Qxd8 22. Nd1 Bc8 23. Qd2 Qxd2 24. Nxd2 Bxh3 25.
Ne3 Bd7 26. f4 exf4 27. gxf4 Bc3 28. Nf3 Bxb4 29. Ne5 Be8 30. c4 bxc4 31. N3xc4 Nxc4 32. Bxc4 Bd6 33. Nd3 Kf8 34. e5 Bc7 35. Kf2 Ke7 36. Nb4 Ba5 37. Nd3 Bd7 38. Kf3 Bf5 39. Nc5 Bb6 40.
Ne4 h6 41. Ng3 Be6 42. Bd3 Bc7 43. Be4 c5 44. f5 Bb3 45. f6+ gxf6 46. Nf5+ Ke6 47.
exf6 Bd1+ 48. Ke3 h5 49. Ne7 Be5 50. Bd5+ Kxf6 51. Nc6 h4 52. Bxf7 Bc7 53. Bd5 Ba4 54. Na7 Bd7 55. Nc6 h3 0-1

[Event "*** SCC Grand Prix: Titled Tuesday Blitz"]
[Site "Chess.com"]
[Date "2020.08.25"]
[Round "7"]
[White "UCantHandleDenker"]
[Black "GMHess"]
[Result "1-0"]
[WhiteElo "2583"]
[BlackElo "2773"]
[TimeControl "180+1"]
[EndTime "11:20:38 PDT"]
[Termination "UCantHandleDenker won by checkmate"]

1. Nf3 g6 2. g3 Bg7 3. Bg2 Nf6 4. O-O O-O 5. c4 c6 6. b3 Ne4 7. d4 d5 8. Bb2 a5 9. Nc3 Bf5 10. e3 Na6 11. Nd2 Nxc3 12. Bxc3 Nb4 13. a3 Nd3 14. g4 Be6 15. Qc2 dxc4 16. bxc4 Nf4 17. exf4 Bxd4 18. Bxd4 Qxd4 19. f5 Bc8 20. h3 gxf5 21. gxf5 Qf6 22. Be4 Kh8 23. Rac1 Rg8+ 24. Kh1 Qh4 25. Qc3+ f6 26.
Rg1 Qxf2 27. Rxg8+ Kxg8 28. Rg1+ Kf8 29. Qd3 Kf7 30.
Bf3 Qh4 31. Be4 Bd7 32. Kh2 Rd8 33. Qe3 e5 34. Nf3 Qh5 35. Rg4 Bxf5 36. Rh4 Qg6 37. Bxf5 Qxf5 38. Qe4 Qxe4 39. Rxe4 Rd3 40. Kg2 Rxa3 41.
Rh4 a4 42. Rxh7+ Ke6 43. Rxb7 Ra1 44. Ra7 a3 45. h4 c5 46. h5 e4 47. Nh4 e3 48. h6 e2 49. Nf3 Rf1 50. h7 Rxf3 51.
h8=Q e1=Q 52. Qe8+ Kf5 53. Qxe1 Rf4 54. Qb1+ Kg4 55. Rg7+ Kh4 56. Qh1# 1-0

[Event "*** SCC Grand Prix: Titled Tuesday Blitz"]
[Site "Chess.com"]
[Date "2020.08.25"]
[Round "7"]
[White "ShimanovAlex"]
[Black "David_Paravyan"]
[Result "0-1"]
[WhiteElo "2767"]
[BlackElo "2980"]
[TimeControl "180+1"]
[EndTime "11:20:39 PDT"]
[Termination "David_Paravyan won on time"]

1. d4 Nf6 2. Nf3 d5 3. Bf4 c5 4. e3 Nc6 5. Nbd2 cxd4 6. exd4 Qb6 7. Nb3 Bf5 8. c3 e6 9. a4 a6 10. a5 Qd8 11. Ne5 Nxe5 12. Bxe5 Be7 13. Bxf6 gxf6 14. Bd3 Bg6 15. O-O Qc7 16. Re1 Kf8 17. Rc1 Rc8 18. Qd2 Kg7 19. Re3 Bd6 20. g3 b6 21.
Ra1 Rb8 22. axb6 Qxb6 23. Rxa6 Qxb3 24. Rxd6 Qxb2 25. Qxb2 Rxb2 26. Bxg6 hxg6 27. Rd7 Ra8 28. Rxe6 Ra1+ 29. Kg2 Raa2 30. Ree7 Rxf2+ 31. Kg1 Rg2+ 32. Kf1 Raf2+ 33. Ke1 Rc2 34. Kf1 Rgf2+ 35. Kg1 Rg2+ 36. Kf1 Rgd2 37. Rxd5 Rxh2 38. Kg1 Rhg2+ 39. Kf1 Rgf2+ 40. Kg1 Rfd2 41. Re1 Rxc3 42. Rd7 Rxg3+ 43. Kf1 Rf3+ 44. Kg1 Rg3+ 45. Kf1 Rh3 46. Kg1 Rhd3 47. Ree7 Kh6 48. Rxf7 Kg5 49. Rg7 Ra3 50. Rd5+ f5 0-1

[Event "*** SCC Grand Prix: Titled Tuesday Blitz"]
[Site "Chess.com"]
[Date "2020.08.25"]
[Round "7"]
[White "Mbneu"]
[Black "aNaartjieZA"]
[Result "0-1"]
[WhiteElo "2239"]
[BlackElo "2470"]
[TimeControl "180+1"]
[EndTime "11:20:39 PDT"]
[Termination "aNaartjieZA won by resignation"]

1. d4 Nf6 2. c4 c5 3. d5 e5 4. g3 d6 5. Bg2 Nbd7 6. e4 h5 7. h3 Be7 8. Ne2 h4 9. g4 Nh7 10. Nd2 Bg5 11. a3 b5 12. cxb5 a6 13.
Nc4 Qc7 14. f4 exf4 15. e5 O-O 16. e6 Ndf6 17. b6 Qe7 18. Bxf4 Bxf4 19. Nxf4 g5 20. Ne2 fxe6 21. O-O e5 22. Nc3 Bd7 23. Qc2 Bb5 24.
b3 Rab8 25. Rf5 Bxc4 26. bxc4 Rxb6 27. Raf1 Rbb8 28. Ne4 Nxe4 29. Qxe4 Rxf5 30. Rxf5 Rf8 31. Rxf8+ Nxf8 32. Qf5 Kg7 33. Be4 Qf6 34. Qc8 Qf4 35. Qc7+ Kg8 36. Bf5 Qg3+ 37. Kf1 Qxh3+ 38. Ke2 Qg2+ 39.
Kd3 Qf3+ 40. Kd2 Qf4+ 41. Ke1 h3 42. Qxd6 h2 43. Qh6 Qg3+ 44. Kd2 Qg2+ 45. Kc3 Qf3+ 46. Kb2 h1=Q 47. Qxg5+ Kf7 48. Be6+ Nxe6 49. dxe6+ Kxe6 50. Qg6+ Qf6 51. Qe8+ Qe7 52. Qg8+ Kd7 53. Qd5+ Qxd5 0-1

[Event "*** SCC Grand Prix: Titled Tuesday Blitz"]
[Site "Chess.com"]
[Date "2020.08.25"]
[Round "7"]
[White "FearNoEvil12"]
[Black "Efremov_Vlad"]
[Result "0-1"]
[WhiteElo "1967"]
[BlackElo "2206"]
[TimeControl "180+1"]
[EndTime "11:20:39 PDT"]
[Termination "Efremov_Vlad won on time"]

1. e4 c5 2. Nc3 Nc6 3. f4 g6 4.
Nf3 Bg7 5. Bc4 e6 6. f5 Nd4 7. d3 gxf5 8. O-O Ne7 9. Bg5 f6 10. Be3 fxe4 11. dxe4 Nec6 12. Nxd4 Nxd4 13. Bxd4 cxd4 14.
Qxd4 O-O 15. Rad1 Kh8 16. Kh1 a6 17. a4 Qe7 18. Rf3 f5 19. Qf2 d6 20. exf5 d5 21. Bd3 d4 22. Ne2 e5 23. Ng3 Bd7 24. Ne4 Bf6 25. Rf1 Bc6 26. g4 Bxe4 27. Bxe4 Rad8 28. Rg1 Bg5 29. Qg2 Qf6 30. h4 Bxh4 31. Rh3 Bg5 32. Qh2 h6 33. Rh5 Kg7 34. Qh3 Rh8 35. Qb3 Qf7 36. Qxf7+ Kxf7 37. Bxb7 Rb8 38. Bxa6 Rxb2 39.
Bd3 Ra8 40. Ra1 Ra5 41. Rh2 Rb4 42. Re2 Kf6 43. Kg2 Rbxa4 44. Rxa4 Rxa4 45. Kf3 Ra3 46. Ke4 Ra1 47. Kd5 Ra5+ 48. Ke4 Ra1 49. Kd5 Ra5+ 50. Ke4 Bf4 51. Re1 Kg5 52. Rg1 Ra3 53. Kd5 Ra5+ 54. Ke4 Ra7 55. Kd5 Rc7 56. Ke6 Rb7 57. Rh1 Rb6+ 58.
Kd5 Kxg4 0-1

[Event "*** SCC Grand Prix: Titled Tuesday Blitz"]
[Site "Chess.com"]
[Date "2020.08.25"]
[Round "7"]
[White "Bigfish1995"]
[Black "VincentKeymer"]
[Result "0-1"]
[WhiteElo "3042"]
[BlackElo "2821"]
[TimeControl "180+1"]
[EndTime "11:20:40 PDT"]
[Termination "VincentKeymer won by resignation"]

1. d4 Nf6 2. c4 e6 3. Nf3 d5 4.
Nc3 c6 5. Bg5 h6 6. Bxf6 Qxf6 7.
Qb3 Nd7 8. e4 dxe4 9. Nxe4 Qf5 10. Bd3 Qa5+ 11. Nc3 e5 12. O-O exd4 13. Rfe1+ Be7 14.
Nxd4 Nc5 15. Qc2 Qd8 16. Bf5 Qxd4 17. Rad1 Qf6 18. Bxc8 Rxc8 19. b4 Ne6 20. Ne4 Qf4 21. c5 O-O 22. Rd7 Rc7 23. g3 Qe5 24. Rdd1 Qh5 25. f4 Rd8 26. Nd6 Bxd6 27. cxd6 Rcd7 28. Re5 Qg4 29. Kg2 Nxf4+ 30. Kf2 Ne6 31. b5 Rxd6 32. Rxd6 Rxd6 33. bxc6 bxc6 34. Re3 Qd4 35. Qb3 g6 36. Kg2 Qd5+ 37. Qxd5 cxd5 38. Ra3 Rd7 39. Kf2 d4 40. Ke2 Kf8 41. Ra5 Ke7 42. Kd3 h5 43. h4 Kd6 44. a4 Kc6 45. Re5 Nc5+ 46. Kc4 Nxa4 47. Ra5 Nb6+ 48. Kd3 f6 49. Ra1 Kd5 50. Ra5+ Ke6 51. Ra1 g5 52. Rf1 Rd5 53. Re1+ Kf5 54. Rf1+ Kg4 55. Rxf6 Nd7 56. hxg5 Nxf6 57. gxf6 Rf5 58. f7 Rxf7 59. Kxd4 Kxg3 60. Kd5 h4 61. Ke6 Rf4 0-1

[Event "*** SCC Grand Prix: Titled Tuesday Blitz"]
[Site "Chess.com"]
[Date "2020.08.25"]
[Round "7"]
[White "Evandro_Barbosa"]
[Black "StephenDedalus83"]
[Result "1-0"]
[WhiteElo "2567"]
[BlackElo "2726"]
[TimeControl "180+1"]
[EndTime "11:20:40 PDT"]
[Termination "Evandro_Barbosa won by resignation"]

1. e4 c5 2. Nf3 Nc6 3. Bb5 g6 4. Bxc6 dxc6 5. d3 Bg7 6. h3 Nf6 7. Nc3 Nd7 8. Be3 e5 9. Qd2 Qe7 10. Bh6 f6 11. Nh4 Nf8 12. g3 Ne6 13. Bxg7 Qxg7 14.
f4 exf4 15. gxf4 Qh6 16. Ng2 Nd4 17. O-O-O Be6 18. Ne2 Nxe2+ 19. Qxe2 O-O-O 20. Kb1 Rhe8 21. Qf2 b6 22. Ne3 f5 23. e5 Rd4 24. Rhf1 Red8 25. h4 Kb7 26. b3 a5 27. Qg3 a4 28. Qg5 Qxg5 29. hxg5 Rh8 30. c3 Rd7 31. Kc2 h5 32.
gxh6 Rxh6 33. Rh1 axb3+ 34. axb3 Rdh7 35. Rxh6 Rxh6 36. Rg1 Kc7 37. Rg2 Kd7 38. c4 Ke7 39. Kd2 Kf7 40. Nf1 Rh8 41. Nh2 Rh3 42. Ke2 b5 43. Nf3 Rh6 44. Ke3 Rh3 45. Ra2 g5 46. Ra7+ Kg6 47. fxg5 Kh5 48. Kf4 Kg6 49. Re7 Bg8 50.
e6 Rh1 51. Ne5+ Kh5 52. Nf7 Rf1+ 53. Ke3 f4+ 54. Ke2 Rh1 55. Re8 Bh7 56. Rh8 Kg6 57. e7 f3+ 58. Kxf3 Rf1+ 59. Ke2 Rxf7 60. e8=Q 1-0

[Event "*** SCC Grand Prix: Titled Tuesday Blitz"]
[Site "Chess.com"]
[Date "2020.08.25"]
[Round "7"]
[White "GOGIEFF"]
[Black "hansen"]
[Result "0-1"]
[WhiteElo "2853"]
[BlackElo "2958"]
[TimeControl "180+1"]
[EndTime "11:20:42 PDT"]
[Termination "hansen won on time"]

1. d4 Nf6 2. c4 e6 3. Nf3 d5 4. Nc3 Be7 5. Bf4 O-O 6. e3 Nbd7 7. c5 Nh5 8. Be5 c6 9. g4 Nhf6 10. Bf4 b6 11. b4 a5 12. a3 Ne4 13. Nxe4 dxe4 14. Ne5 Nxe5 15. Bxe5 axb4 16. axb4 Rxa1 17. Qxa1 f6 18. Bg3 e5 19. Bc4+ Kh8 20. dxe5 Bxg4 21. Qd4 bxc5 22. Qxd8 Rxd8 23. O-O cxb4 24. Rb1 fxe5 25.
Bxe5 c5 26. Ra1 Bf6 27. Bxf6 gxf6 28. Ra5 Bh3 29. f4 Rd2 30. Ra8+ Kg7 31. Rg8+ Kh6 32.
Rg3 Bf5 33. Rg8 Rc2 34. Bd5 c4 35. Rf8 b3 36. Rxf6+ Kg7 37. Rxf5 b2 38. Rf7+ Kg6 39. Rb7 Kf5 40. Bg8 Rc1+ 41. Kg2 b1=Q 42. Bxh7+ Kg4 43. h3+ Kh4 44. Rxb1 Rxb1 45. Bxe4 Rb2+ 46. Kf3 c3 47. f5 Kg5 48. h4+ Kxh4 49. Kf4 Rf2+ 50. Ke5 Kg5 51. Ke6 Re2 52. f6 Rxe3 53. Kd5 Kxf6 0-1

[Event "*** SCC Grand Prix: Titled Tuesday Blitz"]
[Site "Chess.com"]
[Date "2020.08.25"]
[Round "7"]
[White "elohunter1999"]
[Black "Carnivoras"]
[Result "0-1"]
[WhiteElo "2458"]
[BlackElo "2667"]
[TimeControl "180+1"]
[EndTime "11:20:42 PDT"]
[Termination "Carnivoras won by checkmate"]

1. e4 e5 2. Nf3 Nc6 3. Bb5 Nf6 4. O-O d6 5. d4 exd4 6. Nxd4 Bd7 7. Nc3 Be7 8. Bxc6 bxc6 9. h3 O-O 10. Qf3 Re8 11.
Bf4 c5 12. Nf5 Bxf5 13. exf5 d5 14. Rad1 c6 15. g4 Bd6 16. Rfe1 Bxf4 17. Qxf4 Qb8 18. Qxb8 Raxb8 19. Na4 Nd7 20. f4 Kf8 21. a3 c4 22. Kf2 Nf6 23. Rxe8+ Kxe8 24. Re1+ Kd7 25. Nc5+ Kd6 26. b4 cxb3 27. Nxb3 Ne4+ 28. Ke3 c5 29. Rd1 Re8 30. Kf3 Nc3 31. Rd3 d4 32. Rd2 Kd5 33.
g5 Re3+ 34. Kg4 Ne4 35. Rg2 c4 36. Nd2 Rxa3 37. Nf3 a5 38. h4 a4 39. h5 Re3 40.
f6 gxf6 41. Nh4 a3 42. Rg1 fxg5 43. Nf5 Re2 44. fxg5 a2 45. Ra1 Rxc2 46. Nh6 Rg2+ 47. Kf5 Rxg5+ 48. Kf4 Rxh5 49. Ng4 Rh4 50. Rxa2 h5 51.
Ra5+ Nc5 52. Kf5 Rxg4 53. Ra8 Rg6 54. Rd8+ Rd6 55. Rh8 c3 56. Rxh5 Kc4 57. Kf4 Rd5 58.
Rh1 c2 59. Kf3 d3 60. Ke3 d2 61. Rh4+ Kc3 62. Ke2 d1=Q+ 63. Kf2 Rf5+ 64. Kg3 Qg1+ 65. Kh3 Rf3# 0-1

[Event "*** SCC Grand Prix: Titled Tuesday Blitz"]
[Site "Chess.com"]
[Date "2020.08.25"]
[Round "7"]
[White "davidkalashian"]
[Black "allvim"]
[Result "1-0"]
[WhiteElo "2612"]
[BlackElo "2427"]
[TimeControl "180+1"]
[EndTime "11:20:42 PDT"]
[Termination "davidkalashian won by resignation"]

1. e4 c5 2. Nc3 e6 3. Nf3 a6 4.
d4 cxd4 5. Nxd4 Nc6 6. Be2 Nf6 7. O-O Be7 8. Be3 O-O 9. f4 d6 10. a4 Bd7 11. Kh1 Rc8 12. g4 Nxd4 13. Bxd4 Bc6 14. Bf3 e5 15. fxe5 dxe5 16. Bxe5 Qb6 17. Nd5 Nxd5 18.
exd5 Bd7 19. b3 Bf6 20. Bxf6 Qxf6 21. c4 Rfe8 22. Bg2 Qg6 23. h3 Re3 24. Rf3 Rce8 25. Qd4 Rxf3 26. Bxf3 Qc2 27. c5 Qxb3 28. Bg2 Qg3 29.
c6 bxc6 30. dxc6 Bxc6 31. Bxc6 Qxh3+ 32. Kg1 Qg3+ 33. Bg2 Re1+ 34. Rxe1 Qxe1+ 35. Kh2 Qh4+ 36. Bh3 h6 37. Kg2 Qg5 38. Qe4 h5 39. Kg3 h4+ 40.
Kf3 a5 41. Qf5 Qd2 42. g5 Qd1+ 43. Ke4 Qxa4+ 44. Ke3 Qa3+ 45. Kd4 Qb4+ 46. Kd3 a4 47. Qc8+ Kh7 48. Qf5+ g6 49. Qxf7+ Kh8 50. Qf6+ Kh7 51. Be6 Qb3+ 52. Bxb3 axb3 53. Qf7+ 1-0

[Event "*** SCC Grand Prix: Titled Tuesday Blitz"]
[Site "Chess.com"]
[Date "2020.08.25"]
[Round "7"]
[White "esrosenberg"]
[Black "Nafania1"]
[Result "1/2-1/2"]
[WhiteElo "2201"]
[BlackElo "2447"]
[TimeControl "180+1"]
[EndTime "11:20:42 PDT"]
[Termination "Game drawn by stalemate"]

1. Nf3 c5 2. c4 Nc6 3. g3 g6 4. Bg2 Bg7 5. Nc3 d6 6. O-O Bf5 7. a3 Qd7 8. b4 Bh3 9. Rb1 Bxg2 10.
Kxg2 b6 11. d4 Nxd4 12. Nxd4 cxd4 13. Nd5 e6 14. Nf4 Ne7 15. Bb2 e5 16. Nd5 Qc6 17. b5 Qb7 18. e4 dxe3 19. fxe3 O-O 20. e4 Nxd5 21. cxd5 Rac8 22. a4 Rc4 23. Re1 f5 24. exf5 gxf5 25. Rc1 Rxc1 26. Bxc1 f4 27. gxf4 exf4 28.
Re6 f3+ 29. Kf2 Be5 30. Qd3 Qg7 31. Qf1 Bd4+ 32. Be3 Bxe3+ 33. Rxe3 Qb2+ 34. Kg3 f2 35. Kg2 Qd4 36. Rg3+ Kh8 37. Rf3 Qxd5 38. Qxf2 Rxf3 39. Qxf3 Qxf3+ 40. Kxf3 Kg7 41. Ke4 Kf6 42. Kd5 Ke7 43.
Kc6 Ke6 44. Kb7 d5 45. Kxa7 d4 46. Kxb6 d3 47. a5 d2 48. a6 d1=Q 49. a7 Qd4+ 50.
Kb7 Qd7+ 51. Ka6 Qc8+ 52. Kb6 Kd6 53. h4 h5 54. a8=Q Qc5+ 55. Ka6 Qa3+ 56. Kb7 Qxa8+ 57.
Kxa8 Kc5 58. Kb7 Kxb5 59. Kc7 Kc5 60. Kd7 Kd5 61. Kc7 Ke5 62. Kc6 Kf4 63. Kd5 Kg4 64. Ke4 Kxh4 65. Kf4 Kh3 66. Kf3 Kh2 67. Kf2 h4 68. Kf1 h3 69. Kf2 Kh1 70. Kf1 h2 71.
Kf2 1/2-1/2

[Event "*** SCC Grand Prix: Titled Tuesday Blitz"]
[Site "Chess.com"]
[Date "2020.08.25"]
[Round "7"]
[White "Bodnar_Mykola"]
[Black "dpopadic"]
[Result "1-0"]
[WhiteElo "2504"]
[BlackElo "2357"]
[TimeControl "180+1"]
[EndTime "11:20:43 PDT"]
[Termination "Bodnar_Mykola won by resignation"]

1. e4 c5 2. Nf3 Nc6 3. d4 cxd4 4. Nxd4 Nf6 5. Nc3 e5 6. Ndb5 d6 7. Nd5 Nxd5 8. exd5 Nb8 9. a4 Be7 10. a5 O-O 11. Bd2 f5 12. Be2 a6 13. Na3 Nd7 14. O-O Bg5 15. f4 Bxf4 16. Bxf4 exf4 17. Nc4 Qe7 18.
Rxf4 Ne5 19. Qd4 Nxc4 20. Bxc4 Bd7 21. Raf1 Rae8 22. Bd3 g6 23. R4f3 Bc8 24. b4 Qe5 25. Qh4 Qg7 26. c4 g5 27. Qf2 f4 28. Qb6 Qe5 29.
h3 h5 30. Qf2 Qg7 31. Bb1 h4 32. c5 Qf6 33. c6 Kg7 34. Qb6 Rf7 35. b5 axb5 36.
Qxb5 Re4 37. Bxe4 Qd4+ 38. Kh1 Qxe4 39. Qb2+ Kh7 40. cxb7 Bxb7 41. Qd2 Bxd5 42. Re1 Qf5 43. Rd3 Be4 44. Rxd6 f3 45. Rd4 fxg2+ 46. Kh2 Bf3 47. Qd3 Qxd3 48. Rxd3 g4 49. hxg4 Bxg4 50. Kxg2 Rg7 51.
Kh2 h3 52. Rg3 Kh6 53. Reg1 Ra7 54. Rxg4 Rxa5 55. Rh4+ 1-0

[Event "*** SCC Grand Prix: Titled Tuesday Blitz"]
[Site "Chess.com"]
[Date "2020.08.25"]
[Round "7"]
[White "GAusal"]
[Black "dosto07"]
[Result "0-1"]
[WhiteElo "2162"]
[BlackElo "2323"]
[TimeControl "180+1"]
[EndTime "11:20:43 PDT"]
[Termination "dosto07 won on time"]

1. d4 d5 2. Bf4 Nf6 3. e3 c5 4.
c3 Nc6 5. Bd3 Qb6 6. Qb3 c4 7.
Qxb6 axb6 8. Bc2 b5 9. Na3 b4 10. Nb5 Ra5 11. a4 bxa3 12. Nxa3 e6 13. Nf3 Be7 14. Bc7 Ra8 15. Ke2 Bd7 16. Nb5 O-O 17. Bd6 Bxd6 18. Nxd6 b6 19. h3 Rfb8 20. Ng5 Be8 21.
Nxe8 Nxe8 22. Bxh7+ Kf8 23. Bc2 Nd6 24. e4 b5 25.
exd5 exd5 26. Kd2 b4 27. Ba4 Na5 28. Bc2 Nb3+ 29. Bxb3 cxb3 30. cxb4 Rxa1 31. Rxa1 Rxb4 32. Kc3 Rc4+ 33. Kd3 Rc2 34. Ra6 Ke7 35. Ra7+ Ke8 36. Ra8+ Ke7 37. Ra7+ Kf6 38. Ra6 Kxg5 39. Rxd6 Rxb2 40.
Rxd5+ Kf6 41. Ke3 Rc2 42. Rb5 b2 43. Kf3 g5 44. g4 Ke6 45. Kg3 f6 46. f3 Kd6 47. h4 Kc6 48. Rb3 gxh4+ 49. Kxh4 Kd5 50. f4 Kxd4 51. g5 f5 52. g6 Kc4 53. Rb7 Rg2 0-1

[Event "*** SCC Grand Prix: Titled Tuesday Blitz"]
[Site "Chess.com"]
[Date "2020.08.25"]
[Round "7"]
[White "Nf3c5"]
[Black "Gareth-Bale11"]
[Result "0-1"]
[WhiteElo "2555"]
[BlackElo "2747"]
[TimeControl "180+1"]
[EndTime "11:20:45 PDT"]
[Termination "Gareth-Bale11 won on time"]

1. d4 Nf6 2. Nf3 d5 3. c4 e6 4. g3 Bb4+ 5. Bd2 Be7 6. Qc2 c6 7. h4 O-O 8. Bg2 Ne4 9. Ng5 Nf6 10. Nc3 h6 11. O-O-O b5 12. e4 dxe4 13. Ncxe4 Nbd7 14. Nxf6+ Nxf6 15. Bxc6 Rb8 16. d5 exd5 17. Bc3 g6 18. Rxd5 Qc7 19. cxb5 Rxb5 20. Be5 Qxe5 21. Rxe5 Rxe5 22.
Kb1 hxg5 23. Qa4 Bf5+ 24. Ka1 gxh4 25. Qxh4 Nh5 26. Qa4 Ng7 27. g4 Be6 28. f4 Rc5 29.
f5 gxf5 30. gxf5 Bxf5 31. Be4 Rfc8 32. a3 Rc1+ 33. Rxc1 Rxc1+ 34. Ka2 Be6+ 35. b3 Bf6 36. Bb1 Re1 37. Qb5 Rd1 38. Qb8+ Rd8 39. Qh2 Kf8 40.
Be4 Ke7 41. Qe2 a5 42. Bd3 a4 43. Bc4 axb3+ 44. Bxb3 Rb8 45. Bxe6 Nxe6 46. Qa6 Rb2+ 47. Ka1 Rb6+ 0-1

[Event "*** SCC Grand Prix: Titled Tuesday Blitz"]
[Site "Chess.com"]
[Date "2020.08.25"]
[Round "7"]
[White "serhanberat_ozdemir"]
[Black "hongnhung1234"]
[Result "0-1"]
[WhiteElo "2481"]
[BlackElo "2367"]
[TimeControl "180+1"]
[EndTime "11:20:45 PDT"]
[Termination "hongnhung1234 won on time"]

1. e4 c5 2. Nf3 e6 3. c3 Nf6 4. e5 Nd5 5. d4 cxd4 6. cxd4 Nc6 7. a3 d6 8. Bd3 dxe5 9. dxe5 Be7 10. O-O O-O 11. Qe2 f5 12. exf6 gxf6 13. Bh6 Rf7 14.
Nbd2 f5 15. Nc4 Bf6 16. Rad1 Bd7 17. Nce5 Nxe5 18. Nxe5 Bxe5 19. Qxe5 Qf6 20. Qxf6 Rxf6 21. Bg5 Rg6 22. Bc1 Bc6 23. Rfe1 Kf7 24. b4 Nc3 25. g3 Nxd1 26. Rxd1 Rgg8 27. Re1 Rge8 28. Bf4 Rad8 29. Bc2 Bd5 30. h4 Rc8 31. Bd3 Rc3 32. Bb5 Rec8 33.
Ra1 a6 34. Bd7 Rd8 35. Ba4 Bb3 36. Be5 Rcd3 37. Bxb3 Rxb3 38. Rc1 Rd7 39. Rc8 Rxa3 40. h5 Ra2 41. Rh8 Rd1+ 42. Kg2 Rdd2 43. Rxh7+ Ke8 44. Kh3 Rxf2 45. Kh4 Rae2 46. Bf6 Re4+ 47. Kg5 Rg2 48. Rxb7 Rxg3+ 49. Kh6 Reg4 50. Kh7 f4 51. Be5 Rg5 52.
Rb8+ Kd7 53. Kh6 Rxe5 0-1

[Event "*** SCC Grand Prix: Titled Tuesday Blitz"]
[Site "Chess.com"]
[Date "2020.08.25"]
[Round "7"]
[White "MrrRefrao"]
[Black "Mikasinski"]
[Result "0-1"]
[WhiteElo "2203"]
[BlackElo "2353"]
[TimeControl "180+1"]
[EndTime "11:20:45 PDT"]
[Termination "Mikasinski won on time"]

1. e4 c5 2. Nf3 d6 3. d4 cxd4 4.
Nxd4 Nf6 5. Nc3 g6 6. g3 Bg7 7. Bg2 O-O 8. O-O Nc6 9. Nde2 Be6 10. Nd5 Rc8 11. c3 Ne5 12. Bg5 Bxd5 13. exd5 Qb6 14.
Rb1 h6 15. Be3 Qa6 16. a3 Nfg4 17. Bd4 f5 18. Nf4 Kh7 19. Ne6 Rg8 20. f4 Nc4 21.
Nxg7 Nce3 22. Qe1 Qd3 23. Ne6 Nxf1 24. Bxf1 Qf3 25. Bg2 Qd3 26. Rd1 Qb5 27. Rd2 Qd7 28.
Bf3 h5 29. Re2 Rce8 30. Ng7 Rxg7 31. Bxg7 Kxg7 32. Re6 Nf6 33. Qe3 b6 34. Kg2 Qc7 35. Qd4 Qc5 36. Qa4 b5 37. Qb4 Qb6 38. a4 bxa4 39. Qxa4 Qxb2+ 40. Kh3 Ng4 41. Bg2 Nf2+ 42. Kh4 Rf8 43. Rxe7+ Rf7 44. Qd7 Rxe7 45. Qxe7+ Kh6 46.
Qg5+ Kh7 47. Qe7+ Kh6 48. Qxd6 Qxc3 49. Qf8+ Qg7 50. Qxg7+ Kxg7 51. Kg5 Ne4+ 52. Kh4 Kf6 53. Bf1 Nd6 0-1

[Event "*** SCC Grand Prix: Titled Tuesday Blitz"]
[Site "Chess.com"]
[Date "2020.08.25"]
[Round "7"]
[White "rasmussvane"]
[Black "attack2mateU"]
[Result "0-1"]
[WhiteElo "2852"]
[BlackElo "2725"]
[TimeControl "180+1"]
[EndTime "11:20:47 PDT"]
[Termination "attack2mateU won by resignation"]

1. Nf3 Nf6 2. g3 g6 3. Bg2 Bg7 4. O-O d5 5. d4 O-O 6. c3 Bf5 7. Qb3 b6 8. c4 Nc6 9. Rd1 Na5 10.
Qc3 Nxc4 11. Bf4 Ne4 12. Qc1 Rc8 13. b3 Na5 14. Be5 f6 15. Bf4 g5 16. Be3 e6 17.
h4 h6 18. Nfd2 Nxd2 19. Nxd2 Qe7 20. Nf3 Rfd8 21. Qd2 Bf8 22. hxg5 hxg5 23. Rac1 Qb4 24. Qb2 Nc4 25. Qa1 Nxe3 26. fxe3 Qa5 27. Kf2 Ba3 28.
Rc3 Kg7 29. Rc6 Rd6 30. Rc3 Bb4 31. Rcc1 g4 32. Nh4 Bh7 33. Rh1 c5 34. Rh2 Bd2 35.
Rch1 Qc3 36. Qxc3 Bxc3 37. dxc5 bxc5 38. Nf3 Bg6 39. Ne1 d4 40. Nd3 dxe3+ 41. Kxe3 Bd4+ 42. Kd2 c4 43. bxc4 Rxc4 44. Rb1 Rb6 45. Rxb6 axb6 46. Rh1 Ra4 47. Nc1 Be5 48. Bc6 Ra3 49. Bd7 Kf7 50. e3 Ke7 51. Bc8 Be4 52. Rh4 f5 53. Rh7+ Kd6 54. Rh6 Bd5 55. Rh8 Bxg3 56. Rd8+ Kc7 57.
Rh8 Be5 58. Nd3 Rxd3+ 59. Kxd3 Bxh8 60. Bxe6 Bxe6 0-1

[Event "*** SCC Grand Prix: Titled Tuesday Blitz"]
[Site "Chess.com"]
[Date "2020.08.25"]
[Round "7"]
[White "Srisshhhtea"]
[Black "zmarian"]
[Result "0-1"]
[WhiteElo "2261"]
[BlackElo "2175"]
[TimeControl "180+1"]
[EndTime "11:20:47 PDT"]
[Termination "zmarian won by checkmate"]

1. d4 g6 2. e4 Bg7 3. Nc3 d6 4. Nf3 c6 5. Be2 Nf6 6. h3 O-O 7.
O-O Nbd7 8. Be3 e5 9. Qd2 Qe7 10. dxe5 dxe5 11. Bh6 Nc5 12. Bxg7 Kxg7 13. Qe3 a5 14.
Nd2 Be6 15. Bc4 b5 16. Bxe6 Nxe6 17. Ne2 Rfd8 18. c3 Qc5 19. Qxc5 Nxc5 20. Rfd1 Ncxe4 21. Nxe4 Nxe4 22. Re1 f6 23. f3 Nc5 24. Red1 Kf7 25.
Ng3 f5 26. Kf1 Ke7 27. Ke2 Na4 28. Rxd8 Rxd8 29. Rb1 c5 30. Nf1 c4 31. Ne3 Ke6 32. h4 Rd3 33. Nd1 h6 34. Nf2 Rd7 35. Nd1 Kf6 36.
b3 cxb3 37. Rxb3 Rd5 38. Ne3 Rc5 39. Kd2 Nb6 40. Ra3 a4 41. Kd3 Nc4 42. Nxc4 Rxc4 43. g3 g5 44. hxg5+ hxg5 45. Ke3 Ke6 46. Kd3 e4+ 47. fxe4 fxe4+ 48. Kd2 Kf5 49. Ke3 Kg4 50. Kf2 e3+ 51. Kxe3 Kxg3 52. Kd3 g4 53. Ke3 Kh2 54.
Kd3 g3 55. Ke3 g2 56. Kd3 g1=Q 57. Rxa4 Rxa4 58. c4 bxc4+ 59. Kc3 Rxa2 60. Kb4 Qb1+ 61. Kxc4 Rc2+ 62. Kd5 Qd1+ 63. Ke4 Re2+ 64. Kf3 Qf1+ 65. Kg4 Rg2+ 66. Kh4 Qf4+ 67. Kh5 Qg5# 0-1

[Event "*** SCC Grand Prix: Titled Tuesday Blitz"]
[Site "Chess.com"]
[Date "2020.08.25"]
[Round "7"]
[White "Semen_Khanin"]
[Black "Duhless"]
[Result "1-0"]
[WhiteElo "2791"]
[BlackElo "2989"]
[TimeControl "180+1"]
[EndTime "11:20:48 PDT"]
[Termination "Semen_Khanin won on time"]

1. e4 e5 2. Nf3 d6 3. d4 exd4 4. Nxd4 Nf6 5. Nc3 Be7 6. Be2 O-O 7. Bf4 Re8 8. Qd2 Nbd7 9. O-O-O Nc5 10. Bf3 c6 11.
Rhe1 Bf8 12. e5 dxe5 13. Bxe5 Bd7 14. Qf4 Ne6 15. Nxe6 Rxe6 16. Qd4 Qe8 17. Re3 Rd8 18.
Bxf6 gxf6 19. Rxe6 Qxe6 20. Bg4 f5 21. Bh3 Be7 22.
Qxa7 Bc8 23. Rxd8+ Bxd8 24. Qb8 Bg5+ 25. Kd1 Kg7 26.
Qg3 Kf6 27. Qd3 Kg7 28. Ne2 Qxa2 29. f4 Bf6 30. Ng3 Qxb2 31. Bxf5 Bxf5 32. Nxf5+ Kg8 33. g4 Qb1+ 34. Ke2 Qg1 35. g5 Qxh2+ 36. Kf3 Qh3+ 37. Ng3 Be7 38. Qe4 Qe6 39. Qd3 b5 40. Nf5 Bf8 41. Kg4 b4 42. Kf3 c5 43. Ne3 Qc6+ 44.
Kg4 Qd6 45. Qe4 Qe6+ 46. Kf3 Qxe4+ 47. Kxe4 f6 48. gxf6 Kf7 49. Kf5 Bd6 50. Nc4 Bc7 51.
Ne5+ Kf8 52. Ke6 c4 53. Nd7+ 1-0